Map: Kairos Junction LE

Players

Disconnected - Winner!

  • Race: Zerg Zerg
  • League: Master
  • Spawn Location: 11:00

Endless

  • Race: Protoss Protoss
  • League: Master
  • Spawn Location: 5:00

VOD

Have the link to the VOD?

Description

Time

  • Played on: March 18, 2019, 2:32 a.m.
  • Length: 31:30
Show
View Real Time Build Order
Export as new Build Order

Disconnected Zerg - Winner!

Build Orders: Hatch First 

Get SALT Encoding   

  12  0:03  Drone  
  13  0:13  Overlord  
  13  0:17  Drone  
  14  0:31  Drone x2  
  16  0:36  Drone  
  17  0:53  Hatchery  
  17  0:55  Drone  
  17  0:58  Drone  
  18  1:10  Extractor  
  17  1:14  Spawning Pool  
  17  1:16  Drone  
  17  1:19  Drone  
  18  1:29  Drone  
  19  1:42  Drone  
  20  1:51  Overlord  
  20  2:02  Queen  
  20  2:05  Queen  
  20  2:06  Zergling x4  
  26  2:14  Metabolic Boost  
  26  2:17  Drone x2  
  28  2:23  Drone  
  28  2:27  Drone  
  30  2:34  Drone  
  31  2:37  Drone  
  32  2:48  Hatchery  
  32  2:49  Zergling x2  
  32  2:51  Overlord  
  32  2:55  Queen  
  32  2:58  Zergling x2  
  34  3:08  Overlord  
  34  3:10  Drone x2  
  36  3:15  Drone x3  
  39  3:21  Drone x2  
  41  3:35  Queen, Drone x2  
  45  3:44  Overlord x2  
  45  3:52  Overlord  
  45  3:53  Overlord  
  44  3:59  Spore Crawler  
  44  4:01  Spore Crawler  
  42  4:03  Drone x6  
  42  4:06  Drone  
  42  4:07  Drone  
  50  4:11  Lair  
  50  4:12  Drone  
  50  4:24  Drone x6  
  50  4:28  Extractor  
  50  4:29  Extractor  
  50  4:30  Drone  
  55  4:32  Spore Crawler  
  54  4:41  Drone x6  
  58  4:54  Drone  
  58  4:56  Zergling x8  
  63  5:08  Drone x3  
  63  5:09  Drone x3  
  69  5:15  Evolution Chamber  
  69  5:16  Drone x4, Baneling Nest  
  69  5:17  Hydralisk Den  
  70  5:22  Zergling x10  
  75  5:30  Zergling x6  
  75  5:31  Zergling x2  
  79  5:39  Drone x3  
  82  5:53  Zerg Melee Weapons Level 1  
  82  5:54  Grooved Spines  
  82  5:58  Hatchery  
  82  6:01  Drone  
  82  6:02  Centrifical Hooks  
  82  6:05  Overlord  
  82  6:06  Extractor, Overlord x6  
  81  6:14  Queen  
  81  6:15  Queen, Hatchery  
  81  6:18  Queen  
  81  6:29  Drone  
  81  6:30  Drone x8  
  81  6:31  Overlord  
  89  6:34  Drone x3  
  89  6:36  Drone x2  
  89  6:38  Drone x2  
  89  6:39  Drone  
  97  6:41  Drone  
  98  6:54  Overlord  
  98  6:55  Extractor  
  98  6:56  Hydralisk  
  98  6:57  Hydralisk x5  
  109  7:05  Muscular Augments  
  109  7:07  Queen  
  111  7:10  Pneumatized Carapace, Overlord x2  
  111  7:12  Overseer  
  111  7:14  Extractor  
  110  7:17  Hydralisk x4  
  118  7:32  Hydralisk x3  
  118  7:33  Hydralisk  
  126  7:38  Hydralisk  
  126  7:39  Zergling x12  
  126  7:40  Zergling x14  
  126  7:43  Queen  
  143  7:46  Zergling x8  
  143  7:47  Zergling x2  
  148  7:55  Zergling x2  
  148  7:56  Zergling x8  
  153  8:03  Zerg Melee Weapons Level 2  
  153  8:05  Zergling x14  
  159  8:17  Hydralisk  
  159  8:18  Hydralisk x7  
  173  8:31  Infestation Pit  
  173  8:34  Zergling x4  
  174  8:35  Overlord x2  
  174  8:36  Baneling x4, Hatchery  
  174  8:38  Baneling  
  172  8:49  Baneling x5  
  172  9:00  Spine Crawler  
  172  9:02  Spine Crawler  
  170  9:03  Spine Crawler  
  170  9:04  Drone x17  
  170  9:05  Drone x2  
  188  9:18  Zergling x4  
  188  9:20  Hive  
  188  9:23  Spire  
  189  9:30  Overlord x2  
  180  9:46  Baneling x4  
  180  9:47  Baneling x10  
  180  9:52  Extractor, Spore Crawler  
  179  9:53  Extractor  
  167  10:13  Overseer, Hydralisk  
  167  10:14  Hydralisk x9  
  165  10:15  Zergling x28  
  165  10:16  Zergling x4  
  165  10:20  Extractor  
  198  10:22  Extractor  
  198  10:25  Overseer  
  198  10:27  Zergling x4  
  199  10:31  Zerg Missile Weapons Level 1  
  199  10:36  Baneling x6  
  199  11:03  Zergling x6  
  199  11:04  Zergling x6  
  194  11:14  Zergling x12  
  139  11:26  Hydralisk x14  
  139  11:27  Hydralisk x4  
  139  11:31  Hydralisk x6  
  144  11:33  Zergling x20  
  144  11:34  Zergling x12  
  144  11:36  Hydralisk  
  146  11:43  Hydralisk  
  146  11:46  Zergling x2  
  137  12:00  Hydralisk x7  
  144  12:03  Baneling x2  
  144  12:08  Zergling x10  
  146  12:13  Greater Spire  
  146  12:29  Drone x3  
  149  12:36  Corruptor x3  
  155  12:44  Hatchery  
  154  12:53  Corruptor x3  
  160  13:01  Corruptor  
  156  13:20  Zergling x12  
  156  13:21  Zergling x26  
  156  13:26  Brood Lord  
  177  13:29  Brood Lord  
  179  13:34  Brood Lord  
  181  13:45  Brood Lord x2  
  181  13:47  Queen  
  187  13:49  Drone x2  
  188  13:56  Brood Lord  
  190  14:06  Hatchery  
  189  14:11  Drone x7  
  189  14:15  Zerg Flyer Weapons Level 1  
  195  14:18  Brood Lord  
  195  14:23  Adrenal Glands  
  196  14:37  Zerg Ground Armor Level 1, Extractor  
  193  14:41  Extractor  
  188  14:48  Drone x3  
  188  14:52  Spine Crawler  
  181  15:25  Hydralisk  
  181  15:26  Hydralisk x12  
  181  15:36  Hydralisk  
  181  15:37  Hydralisk x9  
  181  15:38  Zergling x2  
  190  15:48  Hydralisk  
  190  15:49  Hydralisk x3  
  182  15:51  Zergling x2  
  137  15:59  Corruptor x2  
  137  16:01  Drone x2  
  139  16:15  Zerg Flyer Armor Level 1  
  139  16:17  Drone x5  
  139  16:18  Drone  
  145  16:21  Extractor  
  145  16:23  Drone x3  
  147  16:31  Corruptor x2  
  151  16:34  Brood Lord  
  153  16:43  Hatchery  
  151  16:49  Brood Lord  
  153  17:01  Brood Lord x2  
  157  17:10  Corruptor  
  157  17:11  Corruptor x4  
  167  17:18  Drone x3  
  170  17:27  Overseer x2  
  170  17:31  Extractor  
  170  17:32  Extractor  
  168  17:40  Overseer  
  168  17:52  Zergling x28  
  162  18:02  Hydralisk x8  
  145  18:11  Hydralisk  
  145  18:12  Hydralisk x2  
  136  18:19  Corruptor x2  
  128  18:23  Corruptor  
  124  18:36  Hydralisk  
  124  18:37  Hydralisk x5  
  134  18:46  Corruptor  
  134  18:47  Corruptor  
  138  18:48  Zerg Flyer Weapons Level 2  
  138  18:57  Corruptor x2  
  142  19:05  Corruptor x2  
  146  19:10  Zerg Ground Armor Level 2  
  146  19:14  Corruptor  
  148  19:19  Corruptor  
  148  19:22  Corruptor  
  152  19:26  Drone x3  
  152  19:27  Drone  
  152  19:30  Corruptor  
  158  19:39  Corruptor x2  
  158  19:42  Overseer  
  158  19:43  Corruptor  
  164  19:51  Corruptor  
  164  19:52  Corruptor x2  
  170  19:57  Corruptor  
  171  20:01  Corruptor  
  171  20:04  Brood Lord  
  171  20:05  Pathogen Glands  
  175  20:12  Baneling x2  
  175  20:18  Overlord x3  
  175  20:25  Corruptor  
  177  20:33  Corruptor x2, Extractor  
  176  20:48  Corruptor x6  
  176  20:49  Corruptor  
  182  21:00  Corruptor x3  
  184  21:06  Zerg Flyer Armor Level 2  
  184  21:21  Infestor  
  184  21:24  Overlord x4  
  186  21:26  Hatchery  
  185  21:41  Corruptor  
  185  21:42  Corruptor  
  185  21:47  Infestor x5  
  197  22:09  Infestor  
  197  22:15  Drone  
  198  22:35  Corruptor x3  
  194  22:49  Corruptor x3  
  199  22:56  Infestor  
  199  22:57  Infestor  
  185  23:07  Corruptor  
  185  23:08  Corruptor x8  
  199  23:17  Hydralisk  
  199  23:18  Hydralisk x3  
  199  23:24  Hydralisk x3  
  197  23:31  Corruptor  
  197  23:32  Corruptor x6  
  196  23:34  Corruptor  
  196  23:35  Corruptor x2  
  178  23:41  Corruptor x2  
  165  23:53  Infestor  
  165  23:54  Infestor x3  
  170  23:59  Corruptor  
  172  24:17  Corruptor  
  172  24:18  Hatchery  
  173  24:24  Corruptor  
  175  24:32  Infestor  
  175  24:35  Corruptor  
  175  24:36  Extractor  
  178  24:40  Extractor  
  178  24:41  Hydralisk x2  
  181  24:59  Hatchery  
  158  25:08  Corruptor  
  158  25:09  Corruptor  
  152  25:23  Queen x3  
  158  25:29  Queen, Drone x3  
  158  25:30  Queen x2  
  158  25:35  Extractor, Drone x7  
  173  25:37  Extractor  
  173  25:41  Burrow  
  172  25:43  Neural Parasite  
  172  25:51  Corruptor x2  
  176  25:57  Corruptor  
  178  26:19  Drone  
  178  26:23  Queen  
  178  26:24  Queen  
  183  26:30  Zerg Flyer Armor Level 3  
  183  26:40  Corruptor x5  
  193  26:50  Corruptor  
  193  26:51  Corruptor  
  197  26:56  Spine Crawler  
  197  26:58  Spine Crawler  
  197  26:59  Spine Crawler, Overseer  
  197  27:00  Overseer x2  
  194  27:09  Spore Crawler  
  194  27:10  Spore Crawler  
  192  27:20  Brood Lord  
  192  27:22  Zerg Ground Armor Level 3  
  190  28:03  Corruptor x5  
  176  28:36  Corruptor x10  
  176  28:40  Corruptor  
  146  28:49  Hydralisk x5  
  146  28:54  Zergling x48  
  162  29:00  Corruptor x2  
  154  29:03  Queen x3  
  154  29:06  Zergling x24  
  160  29:13  Hydralisk x3  
  154  29:19  Hydralisk x3  
  153  29:28  Hydralisk x3  
  153  29:30  Zergling x4  
  152  29:32  Zergling x4  
  152  29:36  Zergling x6  
  146  29:44  Hydralisk x4  
  143  29:54  Hydralisk x3  
  146  30:04  Hydralisk  
  146  30:05  Hydralisk  
  152  30:11  Brood Lord  
  151  30:17  Corruptor x2  
  148  30:21  Zergling x6  
  148  30:22  Zergling x4  
  148  30:27  Corruptor x2  
  145  30:36  Brood Lord  
  145  30:39  Hydralisk x3  
  147  30:45  Brood Lord  
  147  30:48  Corruptor  
  151  30:52  Drone x3  
  154  30:58  Brood Lord  
  154  31:01  Hydralisk x2  
Show
View Real Time Build Order
Export as new Build Order

Endless Protoss 

Build Orders: 1 Gate Expand, Oracle Opening, Phoenix Opening, Archon Immortal, Carriers, Archon Drop 

Get SALT Encoding   

  12  0:00  Probe  
  13  0:13  Probe  
  14  0:19  Pylon  
  14  0:25  Probe  
  15  0:33  Probe  
  15  0:41  Probe  
  16  0:44  Gateway  
  16  0:47  Assimilator  
  17  0:51  Probe  
  18  1:03  Probe  
  19  1:15  Probe  
  20  1:25  Nexus  
  20  1:36  Cybernetics Core  
  20  1:38  Probe  
  21  1:44  Assimilator  
  21  1:50  Probe  
  21  1:54  Pylon  
  22  2:02  Adept, Probe  
  23  2:14  Probe  
  26  2:17  Stargate  
  26  2:24  Warp Gate  
  26  2:26  Probe  
  27  2:32  Adept  
  27  2:34  Probe  
  27  2:35  Probe  
  29  2:42  Probe  
  31  2:44  Probe  
  33  2:52  Probe  
  33  2:54  Probe, Phoenix  
  35  3:04  Probe  
  38  3:06  Probe  
  38  3:08  Pylon  
  39  3:16  Probe, Oracle  
  39  3:18  Probe  
  44  3:26  Gateway  
  44  3:28  Probe  
  44  3:32  Assimilator  
  45  3:34  Probe  
  45  3:36  Assimilator  
  45  3:40  Probe  
  47  3:46  Probe, Robotics Facility  
  48  3:48  Pylon  
  48  3:51  Probe  
  49  3:58  Probe  
  49  3:59  Probe  
  49  4:00  Twilight Council  
  50  4:07  Probe  
  51  4:10  Pylon, Probe  
  53  4:26  Warp Prism  
  53  4:28  Gateway  
  53  4:29  Probe, Gateway  
  53  4:30  Zealot x2  
  60  4:40  Templar Archives  
  60  4:53  Nexus  
  60  4:59  Pylon  
  60  5:06  Pylon, Observer  
  61  5:16  Probe  
  61  5:18  Probe  
  61  5:20  Forge  
  63  5:25  High Templar x4  
  71  5:28  Probe  
  71  5:29  Immortal  
  71  5:30  Probe  
  71  5:32  Pylon, Archon  
  71  5:34  Archon  
  77  5:40  Probe  
  77  5:41  Charge  
  77  5:42  Probe  
  79  5:44  Pylon  
  79  5:47  Robotics Facility  
  79  5:51  Shield Battery  
  79  5:53  Probe  
  79  5:54  Probe, Protoss Ground Weapons Level 1  
  81  6:05  Probe  
  81  6:06  Probe  
  81  6:07  Probe  
  84  6:17  Probe  
  85  6:20  Probe  
  85  6:21  Probe  
  87  6:30  Probe  
  87  6:31  Immortal  
  92  6:37  Probe x2  
  92  6:38  Gateway  
  92  6:39  Gateway  
  94  6:41  Immortal, Gateway  
  94  6:42  Probe, Gateway  
  94  6:46  Assimilator  
  99  6:49  Probe x2  
  99  6:50  Psionic Storm  
  101  6:56  Pylon  
  101  6:57  Pylon, Probe  
  101  7:00  Pylon  
  102  7:10  Immortal  
  102  7:15  Probe  
  107  7:16  Probe  
  107  7:18  High Templar x2  
  113  7:22  Probe  
  113  7:26  Protoss Ground Weapons Level 2  
  113  7:32  Gateway  
  113  7:33  Gateway  
  113  7:39  Assimilator  
  113  7:41  High Templar x2  
  113  7:43  Immortal  
  121  7:47  Pylon x2  
  121  7:51  Photon Cannon  
  121  7:53  Shield Battery, Photon Cannon  
  121  7:56  Shield Battery  
  121  8:04  Immortal  
  125  8:22  Gateway  
  125  8:23  Gateway  
  125  8:30  Gateway  
  125  8:33  Sentry  
  127  8:39  Zealot  
  127  8:40  Immortal  
  133  8:46  Zealot x6  
  133  8:47  Zealot x2  
  149  8:54  Photon Cannon  
  149  8:55  Immortal, Shield Battery  
  153  9:05  High Templar x2  
  153  9:09  Archon  
  157  9:13  Pylon  
  157  9:15  Pylon  
  157  9:16  Pylon  
  157  9:30  Nexus  
  156  9:32  Pylon  
  156  9:33  Pylon  
  156  9:35  Pylon  
  154  9:46  High Templar x4  
  154  9:47  High Templar x2  
  166  9:57  Archon x3  
  166  10:12  Protoss Ground Weapons Level 3, Zealot  
  168  10:17  Gateway  
  168  10:19  Shield Battery  
  168  10:23  High Templar x2  
  168  10:24  High Templar x2  
  168  10:28  Archon  
  176  10:29  Archon  
  176  10:36  Photon Cannon  
  176  10:38  Photon Cannon  
  176  10:40  Photon Cannon  
  176  10:41  Photon Cannon  
  176  10:42  Photon Cannon  
  176  10:44  Probe x2, Photon Cannon  
  176  10:45  Shield Battery  
  176  10:49  Shield Battery  
  178  10:51  Pylon, Zealot x2  
  178  10:52  Zealot x6, Photon Cannon  
  178  10:53  Photon Cannon  
  178  10:55  Photon Cannon  
  178  10:56  Photon Cannon  
  194  10:57  Observer x2  
  152  11:35  Immortal x2  
  152  11:38  Zealot x4  
  152  11:39  Zealot x8  
  176  11:50  Stargate  
  176  11:53  Fleet Beacon  
  166  11:56  High Templar  
  158  12:01  Assimilator  
  158  12:03  Assimilator  
  158  12:09  High Templar  
  158  12:10  High Templar x3  
  158  12:11  High Templar  
  158  12:14  Immortal x2  
  176  12:27  Probe  
  176  12:29  Probe x2  
  179  12:38  Protoss Shields Level 1, Zealot  
  179  12:44  Mothership, Tempest  
  194  13:03  Tempest  
  189  13:40  Zealot  
  191  13:45  Tempest  
  196  13:53  Nexus  
  196  13:54  Pylon x2  
  196  13:59  Pylon  
  196  14:02  Assimilator  
  196  14:06  Assimilator  
  196  14:20  Zealot x2  
  198  14:27  Tempest  
  199  14:42  Protoss Shields Level 2  
  199  14:45  Photon Cannon  
  199  14:46  Photon Cannon  
  199  14:47  Photon Cannon  
  199  14:49  Photon Cannon  
  199  14:56  Photon Cannon  
  199  14:58  Photon Cannon  
  199  14:59  Shield Battery  
  199  15:00  Photon Cannon  
  199  15:02  Photon Cannon  
  199  15:03  Photon Cannon  
  199  15:05  Photon Cannon  
  199  15:08  Pylon  
  199  15:09  Pylon  
  199  15:11  Pylon  
  197  15:15  Zealot x2  
  161  15:36  Zealot x11  
  164  15:55  Carrier  
  164  15:56  Carrier  
  158  16:11  Nexus  
  158  16:12  Cybernetics Core  
  158  16:14  Pylon  
  158  16:20  High Templar x2  
  158  16:21  High Templar x4  
  158  16:22  High Templar x2  
  158  16:23  High Templar x2  
  158  16:25  Archon x3  
  178  16:26  Archon  
  178  16:27  Archon  
  178  16:34  Gateway  
  178  16:40  Pylon  
  178  16:54  Carrier x2  
  178  16:55  Robotics Facility  
  178  16:56  Protoss Air Weapons Level 1  
  178  16:59  Gateway  
  178  17:00  Zealot  
  192  17:10  Protoss Shields Level 3  
  192  17:14  High Templar  
  192  17:15  High Templar x3  
  200  17:28  Stargate  
  200  17:32  Stargate  
  198  17:58  Carrier x3  
  173  17:59  Carrier  
  134  18:28  High Templar x2  
  126  18:37  Assimilator  
  126  18:50  High Templar x2  
  126  18:53  Carrier  
  130  19:09  Zealot x10  
  156  19:17  Carrier  
  156  19:18  Carrier  
  156  19:21  Protoss Air Weapons Level 2  
  168  19:41  Nexus  
  168  19:42  Pylon  
  168  19:43  Pylon  
  168  19:46  Assimilator  
  168  19:47  Carrier  
  168  19:50  Assimilator  
  174  20:00  High Templar x2  
  174  20:04  Carrier  
  174  20:05  Archon  
  178  20:12  Probe x2  
  178  20:13  Probe  
  187  20:39  Zealot x6  
  199  20:49  Carrier  
  199  20:53  Carrier x2  
  193  21:31  High Templar x2  
  193  21:32  High Templar x2  
  191  21:33  High Templar x2  
  191  21:36  Photon Cannon  
  191  21:38  Archon x3, Photon Cannon  
  195  21:40  Photon Cannon  
  195  21:42  Protoss Air Weapons Level 3  
  195  21:43  Warp Prism  
  197  22:15  Nexus  
  197  22:23  Blink  
  197  22:58  Carrier  
  197  22:59  Carrier  
  194  23:17  Zealot x2  
  143  23:41  Carrier  
  137  24:03  Nexus  
  137  24:05  High Templar x2  
  137  24:06  High Templar x3  
  137  24:09  High Templar x2  
  151  24:10  Mothership  
  151  24:13  Archon  
  151  24:32  Pylon  
  151  24:35  Protoss Air Armor Level 1  
  151  24:36  Assimilator  
  151  24:38  Assimilator  
  159  24:50  Carrier  
  159  25:01  Carrier  
  153  25:15  Carrier  
  158  25:22  Pylon  
  164  25:28  Pylon  
  164  25:29  Pylon  
  164  25:34  Probe x3  
  167  25:41  Probe  
  167  25:42  Probe  
  169  25:44  Carrier  
  169  25:46  Probe  
  170  25:54  Carrier  
  176  25:59  Carrier  
  188  26:14  High Templar  
  188  26:17  Carrier  
  196  26:50  Protoss Air Armor Level 2  
  196  26:55  Pylon  
  196  26:57  Pylon  
  196  27:21  Photon Cannon  
  196  27:22  Photon Cannon  
  196  27:53  Nexus  
  196  28:04  High Templar x2  
  200  28:07  Pylon  
  200  28:09  Archon  
  200  28:10  Pylon  
  200  28:14  Pylon  
  174  28:36  Carrier  
  174  28:37  Carrier x2, Stalker x3  
  174  28:38  Stalker x9  
  131  29:00  Zealot x2  
  131  29:01  Zealot x10  
  141  29:23  High Templar x2  
  141  29:24  High Templar x4  
  145  29:31  Archon  
  145  29:32  Archon x2  
  145  29:38  Stalker x3  
  112  29:46  Zealot x3  
  108  30:03  High Templar x2  
  108  30:04  High Templar x2  
  108  30:05  Zealot x5  
  106  30:26  Zealot x8  
  92  30:43  Zealot x3  
  92  30:44  Zealot  
  100  30:55  Stalker x8  
  116  31:08  Zealot x4  
  120  31:23  Archon  
  120  31:24  Zealot x3, Archon  
  120  31:25  Zealot x5  
Tags
 
Add a new tag
Caveats
  • Supply blocks, unpowered buildings, or Contaminate may cause inaccurate times.
  • Supply counts are checked every 10 seconds.